 Dungeon Crawl Stone Soup version bcrawl-1.39.1 (webtiles) character file.

Game seed: 15648914071031459271

462658 Artagas the Cleaver (level 11, -6/102 HPs)
             Began as a Minotaur Archaeologist on Oct 6, 2023.
             Was an Initiate of Uskayaw.
             Mangled by a white ugly thing (34 damage)
             ... on level 8 of the Dungeon on Oct 7, 2023.
             The game lasted 00:11:28 (7341 turns).

Artagas the Cleaver (Minotaur Archaeologist)        Turns: 7341, Time: 00:11:29

Health: -6/102     AC: 16    Str: 24    XL:     11   Next: 20%
Magic:  4/10       EV:  8    Int: 11    God:    Uskayaw [......]
Gold:   563        SH:  7    Dex: 10    Spells: 10/10 levels left

rFire    . . .     GDR:     28% D - +4 broad axe (vamp)
rCold    . . .     SeeInvis .   l - +2 buckler
rNeg     . . .     Gourm    .   N - +0 chain mail
rPois    .         Faith    .   S - +1 hat
rElec    .         Spirit   .   F - +0 cloak
rCorr    .         Reflect  .   (no gloves)
MR       .....                  i - +1 pair of boots
Stlth    ..........             n - amulet of regeneration
HPRegen  0.39/turn              H - +6 ring of strength
MPRegen  0.12/turn              p - +2 ring of protection

@: no status effects
A: retaliatory headbutt, horns 2
a: Renounce Religion


You were on level 8 of the Dungeon.
You worshipped Uskayaw.
Uskayaw was noncommittal.
You were hungry.

You visited 1 branch of the dungeon, and saw 8 of its levels.

You collected 563 gold pieces.

Inventory:

Hand Weapons
 a - a +0 whip
 b - a +0 blowgun
 j - a +0 hand axe
   (You found it on level 2 of the Dungeon)
 D - a +4 vampiric broad axe (weapon)
   (You acquired it on level 3 of the Dungeon)
Missiles
 f - 6 curare-tipped needles
 u - 188 poisoned needles
 M - 89 poisoned tomahawks (quivered)
Armour
 c - a +1 robe
 d - a +1 hat
 i - a +1 pair of boots (worn)
 l - a +2 buckler (worn)
   (You found it on level 1 of the Dungeon)
 F - a +0 cloak (worn)
   (You found it on level 2 of the Dungeon)
 G - a +2 robe of cold resistance
   (You took it off Pikel on level 5 of the Dungeon)
 N - a +0 chain mail (worn)
   (You found it on level 5 of the Dungeon)
 S - a +1 hat (worn)
   (You took it off Gastronok on level 8 of the Dungeon)
Jewellery
 n - an amulet of regeneration (around neck)
   (You found it on level 2 of the Dungeon)
 p - a +2 ring of protection (right hand)
   (You found it on level 5 of the Dungeon)
 C - an uncursed ring of stealth
   (You found it on level 4 of the Dungeon)
 H - a +6 ring of strength (left hand)
   (You found it on level 6 of the Dungeon)
 P - an uncursed ring of magical power
   (You found it on level 8 of the Dungeon)
Wands
 k - a wand of polymorph (21)
   (You took it off Ijyb on level 3 of the Dungeon)
 v - a wand of digging (12)
   (You found it on level 8 of the Dungeon)
 K - a wand of disintegration (9)
   (You found it on level 6 of the Dungeon)
 L - a wand of acid (10)
   (You found it on level 6 of the Dungeon)
Scrolls
 g - 3 scrolls of revelation
 o - a scroll of noise {unknown}
 t - 5 scrolls of teleportation
 x - 2 scrolls of remove curse
 y - a scroll of amnesia
 B - a scroll of enchant weapon {unknown}
 I - 2 scrolls of fear {unknown}
 Q - a scroll of immolation {unknown}
Potions
 h - a potion of haste
 m - 4 potions of lignification
 q - a potion of curing
 s - 2 potions of agility
 w - a potion of heal wounds
 z - a potion of magic
 A - a potion of brilliance
 E - a potion of berserk rage {unknown}
 J - 2 potions of invisibility {unknown}
 O - a potion of degeneration {unknown}
 R - a potion of cancellation {unknown}
Comestibles
 e - 7 rations {!d}
 r - 5 chunks of flesh


   Skills:
 + Level 11.3 Fighting
 * Level 14.1(14.2) Axes
 - Level 3.9(10.2) Maces & Flails
 + Level 3.6 Throwing
 - Level 6.0 Armour
 - Level 3.2 Dodging
 - Level 2.6 Stealth
 - Level 4.0 Shields


You had 10 spell levels left.
You didn't know any spells.
Your spell library contained the following spells:

 Spells                   Type           Power        Failure   Level  Hunger
 Static Discharge         Air            #.....       99%         1    None
 Confuse                  Hex            #.......     100%        3    #####..
 Dazzling Orbs            Conj/Hex       #......      100%        3    #####..
 Lightning Bolt           Conj/Air       #.......     100%        4    ######.
 Petrify                  Tmut/Erth      #.........   100%        4    ######.
 Yara's Violent Unravell  Hex/Tmut       #.........   100%        4    ######.
 Silence                  Hex/Air        #.........   100%        5    #######
 Summon Lightning Spire   Summ/Air       #.......     100%        5    #######
 Conjure Ball Lightning   Conj/Air       #.........   100%        6    #######
 Chain Lightning          Conj/Air       #.........   100%        8    #######


Dungeon Overview and Level Annotations

Branches:
Dungeon (8/12)             Temple (0/1) D:4            Lair (0/6) D:8
    Orc: D:8-11

Altars:
Ashenzari
Cheibriados
Dithmenos
Elyvilon
Kikubaaqudgha
Lugonu
Makhleb
Nemelex Xobeh
Okawaru
Qazlal
Uskayaw
Vehumet
Yredelemnul

Annotations:
D:2 1 runed door, Sigmund


Innate Abilities, Weirdness & Mutations

You reflexively headbutt those who attack you in melee.
You have a pair of horns on your head.


Message History

You can now do at least one heavy attack as you dance towards foes.
Uskayaw will link foes you attack so they share their pain.
You slash the hound zombie! Your headbutt misses the hound zombie.
The hound zombie is severely damaged.
The hound zombie bites you but does no damage.
You hit the hound zombie.
The hound zombie is almost destroyed.
You hit the orc warrior.
You destroy the hound zombie!
You feel better. The orc warrior closely misses you. You furiously retaliate!
You headbutt the orc warrior!
You open the orc priest like a pillowcase!!!
You kill the orc priest!
You hit the orc warrior.
You can now pass through a line of other dancers.
Uskayaw protects you from magical silence.
You hit the orc warrior.
The orc warrior is almost dead.
You hit the orc priest.
You kill the orc warrior!
The orc priest hits you with a +0 falchion.
You slash the orc priest!
You kill the orc priest!
You closely miss the orc priest. The orc priest barely misses you.
You barely miss the orc priest. You block the orc priest's attack.
The orc priest closely misses you. You furiously retaliate!
You headbutt the orc priest.
Uskayaw will force your foes to helplessly watch your dance.
Uskayaw prepares the audience for your solo!
Items here: ))) [[[[ †† The helpless orc priest fails to defend itself.
You slash the orc priest!
You kill the orc priest!
No target in view!
No target in view!
Uskayaw will force your foes to helplessly watch your dance.
You can no longer pass through a line of other dancers.
Uskayaw no longer protects you from magical silence.
You butcher the orc corpse.
r - 2 chunks of flesh You butcher the orc corpse.
r - 4 chunks of flesh (gained 2)
Items here: ))) [[[[ ÷÷ x2
Eating one of 4 chunks of flesh.
You eat one of the 4 chunks of flesh.
This raw flesh tastes terrible.
You can no longer attack as you dance towards foes.
Uskayaw will no longer link foes you attack.
You butcher the orc corpse.
r - 5 chunks of flesh (gained 2)
Items here: )) [ ÷ a +0 war axe; a +0 club; a +0 ring mail; an orc skeleton
Items here: )) [ ÷ a +0 war axe; a +0 club; a +0 ring mail; an orc skeleton
Items here: )) [[ a +0 mace; a +0 chain mail; a +0 dagger; a +0 robe
Items here: )) [ ÷ a +0 war axe; a +0 club; a +0 ring mail; an orc skeleton You see here a leather armour.
You see here a leather armour.
There is a stone staircase leading up, spattered with blood here.
A white ugly thing comes into view.
A white ugly thing is nearby!
A white ugly thing is nearby!
The white ugly thing gurgles horribly!
You see here a runed dagger.
You hit the white ugly thing but do no damage.
The white ugly thing barely misses you.
You slice the white ugly thing!!
The white ugly thing is heavily wounded.
The white ugly thing punches you. The white ugly thing freezes you!!
Okay, then.
You barely miss the white ugly thing.
You headbutt the white ugly thing, but do no damage.
The white ugly thing is heavily wounded.
The white ugly thing punches you. The white ugly thing freezes you!!
You slash the white ugly thing!
You feel better.
The white ugly thing is severely wounded.
You block the white ugly thing's attack.
You can now do at least one heavy attack as you dance towards foes.
Uskayaw will link foes you attack so they share their pain.
Evoke which item? (* to show all) (? for menu, Esc to quit)
Okay, then.
You stomp with the beat, sending a shockwave through the revelers around you!
The white ugly thing is severely wounded.
You feel somewhat more hungry.
You can no longer attack as you dance towards foes.
Uskayaw will no longer link foes you attack.
The white ugly thing barely misses you.
You stomp with the beat, sending a shockwave through the revelers around you!
The white ugly thing is almost dead.
You are feeling hungry.
You can no longer stomp with the beat.
The white ugly thing punches you but does no damage.
Okay, then.
You closely miss the white ugly thing.
The white ugly thing is almost dead.
The white ugly thing punches you!
* * * LOW HITPOINT WARNING * * *
The white ugly thing freezes you!!
You die...

..........# #.# #...# ##...
##..P..P.## #.# ###.###.###
#..P.P..# #.# ##.##.## #
##.....## #.# #.....# ##...##
#.# ####..##.## # ##.## #.#
#.........###
#.########.######.##..####...
#..........).......)..# #### ###
###.######..@.........#
#.♣♣♣.#.# #..u..##.#####
♣♣....♣.# #........####
♣.♣.♣.♣.# ##..........#
.♣♣♣♣♣.♣♣ #.#..#.....########
♣♣....♣.♣# #.#................
.♣._.♣...# #.##.#.....########
♣♣...♣♣..######.##.#.....#######
...♣♣♣..♣......................#


You could see a white ugly thing.

Vanquished Creatures
  Gastronok (D:8)
  2 two-headed ogres
  Pikel (D:5)
  An efreet (D:7)
  A troll (D:8)
  2 hippogriffs (D:8)
  A yak (D:8)
  2 basilisks (D:8)
  A water moccasin (D:7)
  A hornet zombie (D:7)
  2 ice beasts
  3 slaves (D:5)
  2 orc warriors (D:8)
  2 phantoms
  3 ogres
  A necrophage (D:6)
  3 bullfrogs
  A kobold brigand (D:4)
  2 wyvern zombies (D:8)
  4 centaurs
  A water moccasin zombie (D:8)
  A scorpion (D:7)
  9 wights
  A howler monkey (D:7)
  3 crimson imps
  5 orc priests (D:8)
  2 bullfrog zombies
  A bullfrog skeleton (D:7)
  6 hounds
  2 jellies (D:5)
  Jessica (D:2)
  5 orc wizards
  Ijyb (D:3)
  Natasha (twice) (D:3)
  4 worker ants
  4 hound zombies
  4 worker ant zombies
  A howler monkey zombie (D:8)
  3 gnolls (D:4)
  5 adders
  2 adder skeletons
  3 worms
  5 dart slugs
  5 leopard geckos
  11 orcs
  6 bats (D:1)
  6 giant cockroaches
  6 goblins
  12 hobgoblins
  5 jackals
  4 quokkas
  A ball python (D:1)
  5 frilled lizards
  A jackal skeleton (D:5)
  22 kobolds
  5 rats
196 creatures vanquished.

Notes
Turn   | Place    | Note
-------+----------+-------------------------------------------
     0 | D:1      | Artagas the Minotaur Archaeologist began the quest for the
                  | Orb.
     0 | D:1      | Reached XP level 1. HP: 16/16 MP: 0/0
    94 | D:1      | Reached skill level 2 in Fighting
    94 | D:1      | Reached skill level 2 in Maces & Flails
    94 | D:1      | Reached XP level 2. HP: 24/24 MP: 1/1
   330 | D:1      | Reached XP level 3. HP: 23/30 MP: 2/2
   535 | D:1      | Reached skill level 3 in Maces & Flails
   559 | D:1      | Reached skill level 3 in Fighting
  1067 | D:2      | Found a hide-covered altar of Uskayaw.
  1075 | D:2      | Became a worshipper of Uskayaw the Reveler
  1114 | D:2      | Reached XP level 4. HP: 38/38 MP: 3/3
  1145 | D:2      | Found a sparkling altar of Nemelex Xobeh.
  1157 | D:2      | Found an iron altar of Okawaru.
  1177 | D:2      | Reached * piety under Uskayaw
  1231 | D:2      | Found a white marble altar of Elyvilon.
  1231 | D:2      | Found a snail-covered altar of Cheibriados.
  1453 | D:2      | Found a burning altar of Makhleb.
  1467 | D:2      | Noticed Jessica
  1476 | D:2      | Killed Jessica
  1476 | D:2      | Reached ** piety under Uskayaw
  1598 | D:2      | Noticed Sigmund
  1822 | D:2      | Found a runed door.
  2070 | D:3      | Reached skill level 4 in Fighting
  2134 | D:3      | Noticed Ijyb
  2145 | D:3      | Killed Ijyb
  2146 | D:3      | Reached skill level 1 in Axes
  2146 | D:3      | Reached XP level 5. HP: 23/46 MP: 0/4
  2146 | D:3      | Identified a scroll of acquirement
  2146 | D:3      | Identified the +1 hat "Riygh" {MP+9 Int+3} (You acquired it
                  | on level 3 of the Dungeon)
  2316 | D:3      | Reached skill level 2 in Axes
  2358 | D:3      | Found a corrupted altar of Lugonu.
  2709 | D:3      | Noticed Natasha
  2714 | D:3      | Killed Natasha
  2785 | D:3      | Noticed a phantom
  2799 | D:3      | Killed a phantom
  2800 | D:3      | Reached skill level 5 in Fighting
  2800 | D:3      | Reached skill level 3 in Axes
  2800 | D:3      | Reached XP level 6. HP: 50/56 MP: 5/5
  2895 | D:3      | Noticed Natasha
  2908 | D:3      | Killed Natasha
  2912 | D:3      | Reached skill level 4 in Axes
  2954 | D:4      | Noticed an ice beast
  2961 | D:4      | Killed an ice beast
  2963 | D:4      | Found a shattered altar of Ashenzari.
  3178 | D:4      | Reached skill level 5 in Axes
  3261 | D:4      | Found a radiant altar of Vehumet.
  3417 | D:4      | Reached *** piety under Uskayaw
  3418 | D:4      | Reached XP level 7. HP: 62/62 MP: 6/6
  3471 | D:4      | Found a staircase to the Ecumenical Temple.
  3586 | D:5      | Entered Level 5 of the Dungeon
  3587 | D:5      | Noticed Pikel
  3593 | D:5      | Reached skill level 6 in Fighting
  3594 | D:5      | Reached **** piety under Uskayaw
  3595 | D:5      | Killed Pikel
  3596 | D:5      | Reached skill level 7 in Fighting
  3596 | D:5      | Reached skill level 7 in Axes
  3596 | D:5      | Reached XP level 8. HP: 46/73 MP: 7/7
  3749 | D:5      | Reached skill level 8 in Axes
  3890 | D:5      | Found an ancient bone altar of Kikubaaqudgha.
  4086 | D:5      | Reached skill level 1 in Armour
  4086 | D:5      | Reached skill level 1 in Shields
  4541 | D:6      | Reached skill level 9 in Axes
  4549 | D:6      | Reached skill level 2 in Armour
  4549 | D:6      | Reached skill level 2 in Shields
  4687 | D:6      | Noticed a two-headed ogre
  4694 | D:6      | Reached skill level 8 in Fighting
  4696 | D:6      | Killed a two-headed ogre
  4697 | D:6      | Reached skill level 10 in Axes
  4697 | D:6      | Reached skill level 3 in Armour
  4697 | D:6      | Reached skill level 3 in Shields
  4697 | D:6      | Reached XP level 9. HP: 54/82 MP: 8/8
  5020 | D:7      | Noticed an efreet
  5028 | D:7      | Killed an efreet
  5029 | D:7      | Reached skill level 4 in Armour
  5029 | D:7      | Reached skill level 4 in Shields
  5591 | D:7      | Reached skill level 9 in Fighting
  5680 | D:7      | Found a shadowy altar of Dithmenos.
  5848 | D:7      | Found a stormy altar of Qazlal.
  5864 | D:7      | Reached skill level 11 in Axes
  6094 | D:7      | Reached skill level 5 in Armour
  6385 | D:8      | Found a staircase to the Lair.
  6417 | D:8      | Reached XP level 10. HP: 82/91 MP: 9/9
  6466 | D:8      | HP: 13/91 [basilisk (5)]
  6468 | D:8      | HP: 5/91 [basilisk (5)]
  6655 | D:8      | Reached skill level 6 in Armour
  6665 | D:8      | Reached skill level 12 in Axes
  6719 | D:8      | Found a basalt altar of Yredelemnul.
  6730 | D:8      | Reached skill level 10 in Fighting
  6835 | D:8      | Noticed a two-headed ogre
  6845 | D:8      | Killed a two-headed ogre
  6978 | D:8      | Reached skill level 13 in Axes
  6978 | D:8      | Reached skill level 1 in Throwing
  7015 | D:8      | Noticed Gastronok
  7023 | D:8      | Reached ***** piety under Uskayaw
  7024 | D:8      | HP: 10/94 [Gastronok (14)]
  7029 | D:8      | Killed Gastronok
  7030 | D:8      | Reached skill level 11 in Fighting
  7030 | D:8      | Reached skill level 14 in Axes
  7030 | D:8      | Reached skill level 3 in Throwing
  7030 | D:8      | Reached XP level 11. HP: 34/102 MP: 10/10
  7331 | D:8      | Noticed a white ugly thing
  7341 | D:8      | Mangled by a white ugly thing

Skill      XL: |  1  2  3  4  5  6  7  8  9 10 |
---------------+-------------------------------+-----
Fighting       | 2 3 4 5 7 8 9 11 | 11.3
Maces & Flails | 2 3 |  3.9
Axes           | 1 3 5 7 10 11 14 | 14.1
Armour         | 3 5 6 |  6.0
Shields        | 3 4 |  4.0
Throwing       | 3 |  3.6
Dodging        | |  3.2
Stealth        | |  2.6

Action                   |  1- 3 |  4- 6 |  7- 9 | 10-12 || total
-------------------------+-------+-------+-------+-------++-------
Melee: Whip              |   113 |    30 |       |       ||   143
       Headbutt          |    13 |    13 |    22 |    21 ||    69
       Hand axe          |       |    27 |       |       ||    27
       Unarmed           |       |     4 |       |       ||     4
       Broad axe         |       |    64 |   160 |   133 ||   357
Throw: Tomahawk          |       |     1 |     1 |     3 ||     5
Invok: Stomp             |       |     1 |     1 |     2 ||     4
 Abil: Lunge             |       |       |     2 |       ||     2
  Use: Scroll            |       |     3 |       |     8 ||    11
       Potion            |       |     1 |       |     4 ||     5
 Stab: Sleeping          |     5 |     1 |     3 |       ||     9
       Paralysed         |       |       |     4 |     3 ||     7
  Eat: Chunk             |     3 |     9 |    10 |     4 ||    26
       Ration            |       |     2 |     1 |     1 ||     4
Armor: Robe              |    45 |    31 |    35 |       ||   111
       Skin              |       |     2 |       |       ||     2
       Chain mail        |       |       |    17 |    67 ||    84
Dodge: Dodged            |    86 |    70 |    70 |    46 ||   272
Block: Buckler           |     8 |    27 |    51 |    50 ||   136

Levels and vault maps discovered:
D:1:      dpeg_arrival_rhombus, layout_basic
D:2:      layout_loops_cross, nicolae_overflow_crystal_walls,
          old_standard_altar, lemuel_doored_altar, grunt_temple_overflow_open,
          uniq_sigmund, uniq_jessica, uniq_crazy_yiuf_cottage
D:3:      layout_loops_ring, overflow_temple_1_default,
          nicolae_elevator_lobby_plus, uniq_natasha, uniq_ijyb
D:4:      cheibrodos_thug_alley, layout_cave_pools, overflow_temple_1_default,
          cheibrodos_ashenzari_chains, temple_green
D:5:      layout_rooms, kiku_gazebo_garden_becter, first_ration,
          nicolae_underground_beach, uniq_pikel
D:6:      layout_basic
D:7:      layout_loops_corners, nicolae_dithmenos_through_a_glass_darkly,
          lemuel_round_altar
D:8:      layout_loops_ring, nicolae_yredelemnul_corpse_copse,
          david_lair_generic, uniq_gastronok

Table legend:
 A = Turns spent in this place as a percentage of turns spent in the entire game.
 B = Non-inter-level travel turns spent in this place as a percentage of non-inter-level travel turns spent in the entire game.
 C = Inter-level travel turns spent in this place as a percentage of turns spent in this place.
 D = Turns resting spent in this place as a percentage of non-inter-level travel turns spent in this place.
 E = Turns spent auto-exploring this place as a percentage of non-inter-level travel turns spent in this place.
 F = Non-inter-level travel turns spent in this place divided by the number of levels of this place that you've seen.
                   A       B       C       D       E      F
               +-------+-------+-------+-------+-------+----------------------
         Total | 100.0 | 100.0 |   4.6 |   4.2 |  76.4 | 875.2
       Dungeon | 100.0 | 100.0 |   4.6 |   4.2 |  76.4 | 875.2
               +-------+-------+-------+-------+-------+----------------------

Table legend:
 A = Kills in this place as a percentage of kills in entire the game.
 B = Kills by you in this place as a percentage of kills by you in the entire game.
 C = Kills by friends in this place as a percentage of kills by friends in the entire game.
 D = Other kills in this place as a percentage of other kills in the entire game.
 E = Experience gained in this place as a percentage of experience gained in the entire game.
 F = Experience gained in this place divided by the number of levels of this place that you have seen.
                   A       B       C       D       E      F
               +-------+-------+-------+-------+-------+----------------------
         Total | 100.0 | 100.0 |   N/A |   N/A | 100.0 | 1653.4
       Dungeon | 100.0 | 100.0 |   N/A |   N/A | 100.0 | 1653.4
               +-------+-------+-------+-------+-------+----------------------
